 Dungeon Crawl Stone Soup version 0.31-a0-700-gf13585253f (webtiles) character file.

Game seed: 8524481020895042597

9391 Newt the Markskobold (level 11, -10/74 HPs)
             Began as a Kobold Hunter on Sept 7, 2023.
             Was an Initiate of Gozag.
             Shot with an arrow by a centaur warrior (24 damage)
             ... on level 11 of the Dungeon.
             The game lasted 00:11:24 (12864 turns).

Newt the Markskobold (Kobold Hunter)               Turns: 12864, Time: 00:11:25

Health: -10/74     AC:  6    Str: 12    XL:     11   Next: 73%
Magic:  17/17      EV: 25    Int: 11    God:    Gozag
Gold:   732        SH:  0    Dex: 31    Spells: 16/18 levels left

rFire   + . .        a - +1 shortbow (flame)
rCold   . . .        (shield currently unavailable)
rNeg    . . .        y - +0 leather armour of the Villain {*Corrode Fly Dex+4 SInv}
rPois   +            (helmet restricted)
rElec   .            e - +0 cloak
rCorr   +            n - +1 pair of gloves of Hedging {Will+}
SInv    +            (no boots)
Will    ++...        (no amulet)
Stlth   ++++         w - ring of poison resistance
HPRegen 0.32/turn    N - ring "Tugrutt" {rF+ rC- Will+ rCorr Dex+6}
MPRegen 0.15/turn

%: corrode self (3%), clarity
@: flying
A: small, no large weapons, nightstalker 3, beak, clarity, cold resistance 1,
strong 1, sturdy frame 1
a: Renounce Religion, Potion Petition, Call Merchant, Bribe Branch


You were on level 11 of the Dungeon.
You worshipped Gozag.
Gozag was pleased with you.
You visited 1 branch of the dungeon, and saw 11 of its levels.

You collected 2021 gold pieces.
You spent 780 gold pieces at shops.
You paid 509 gold pieces to Gozag.

Inventory:

Hand Weapons
 a - a +1 shortbow of flaming (weapon)
Missiles
 m - 2 throwing nets
Armour
 c - a +0 leather armour
 e - a +0 cloak (worn)
 h - a +2 helmet
 n - the +1 pair of gloves of Hedging (worn) {Will+}
   (You found it on level 5 of the Dungeon)

   Will+:     It increases your willpower.
 y - the +0 leather armour of the Villain (worn) {*Corrode Fly Dex+4 SInv}
   (You found it on level 7 of the Dungeon)

   Dex+4:     It affects your dexterity (+4).
   SInv:      It lets you see invisible.
   Fly:       It grants you flight.
   *Corrode:  It may corrode you when you take damage.
 A - +0 swamp dragon scales
 D - a +4 ring mail of willpower
 L - a +2 robe of fire resistance
Jewellery
 l - a ring of flight
 p - a ring of protection from fire
 r - a ring of protection from fire
 w - a ring of poison resistance (left hand)
 N - the ring "Tugrutt" (right hand) {rF+ rC- Will+ rCorr Dex+6}
   (You bought it in a shop on level 10 of the Dungeon)

   [ring of protection from fire]

   Dex+6:     It affects your dexterity (+6).
   rF+:       It protects you from fire.
   rC-:       It makes you vulnerable to cold.
   Will+:     It increases your willpower.
   rCorr:     It protects you from acid and corrosion.
Wands
 E - a wand of paralysis (12)
 J - a wand of iceblast (5)
 K - a wand of acid (4)
Scrolls
 b - a scroll of butterflies
 i - a scroll of silence
 j - 4 scrolls of fog
 k - 4 scrolls of teleportation
 q - 4 scrolls of vulnerability
 v - a scroll of blinking
 z - a scroll of enchant weapon
 B - 2 scrolls of brand weapon
 C - a scroll of amnesia
 G - a scroll of immolation
 H - 4 scrolls of identify
 M - a scroll of fear {unknown}
Potions
 d - 2 potions of heal wounds
 f - 2 potions of attraction
 g - 2 potions of resistance
 o - 3 potions of curing
 s - 2 potions of magic {unknown}
 t - a potion of ambrosia {unknown}
 u - 2 potions of enlightenment {unknown}
 x - a potion of degeneration {unknown}
 F - a potion of brilliance {unknown}
 I - a potion of cancellation {unknown}
 O - a potion of might {unknown}


   Skills:
 - Level 11.0 Fighting
 - Level 15.0 Ranged Weapons
 - Level 9.0 Dodging
 - Level 1.3 Stealth
 + Level 4.4 Spellcasting
 + Level 4.4 Transmutations


You had 16 spell levels left.
You knew the following spells:

 Your Spells              Type           Power      Damage    Failure   Level
a - Wereblood             Tmut           12%        N/A       5%          2

Your spell library contained the following spells:

 Spells                   Type           Power      Damage    Failure   Level
 Sting                    Tmut/Pois      28%        1d4       10%         1
 Kiss of Death            Conj/Necr      8%         2d6       24%         1
 Poisonous Vapours        Pois/Air       4%         N/A       34%         2
 Confusing Touch          Hex            2%         N/A       56%         3
 Summon Guardian Golem    Hex/Summ       2%         N/A       56%         3
 Dispel Undead            Necr           2%         3d7       93%         4
 Olgreb's Toxic Radiance  Pois           2%         N/A       93%         4
 Irradiate                Conj/Tmut      3%         3d12      95%         5
 Orb of Destruction       Conj           1%         9d5       100%        7
 Spellforged Servitor     Conj/Summ      1%         N/A       100%        7


Dungeon Overview and Level Annotations

Branches:
Dungeon (11/15)            Temple (0/1) D:5            Lair (0/5) D:10
    Orc: D:9-12

Altars:
Gozag
Zin
The Shining One
Lugonu

Shops:
D:10 =

Portals:
Abyss: D:3

Annotations:
D:5 1 transporter, SecretSquirrel's ghost, novice MiHu


Innate Abilities, Weirdness & Mutations

You are small and have problems with some larger weapons.
You are completely attuned to the shadows.
You have a beak for a mouth.
You possess an exceptional clarity of mind.
Your flesh is cold resistant. (rC+)
Your muscles are strong. (Str +4, Int/Dex -1)
Your movements are slightly less encumbered by armour. (ER -2)


Message History

The arrow closely misses the centaur warrior.
The centaur warrior shoots an arrow.
The arrow hits you.
You shoot an arrow.
The arrow hits the centaur warrior but does no damage.
The centaur warrior is lightly wounded.
The centaur warrior shoots an arrow.
The arrow completely misses you.
You shoot an arrow. The arrow hits the centaur warrior!
The arrow burns the centaur warrior.
The centaur warrior is heavily wounded.
The centaur warrior shoots an arrow.
The arrow misses you.
You shoot an arrow. The arrow hits the centaur warrior.
The arrow burns the centaur warrior.
The centaur warrior is severely wounded.
The centaur warrior shoots an arrow.
The arrow hits you!
You are too injured to fight recklessly!
You are too injured to fight recklessly!
Fire: a) +1 shortbow (flame)
Press: ? - help, Shift-Dir - straight line, f/p - centaur warrior
Aim: a centaur warrior, wielding a +0 orcbow (severely wounded, 80% to hit)
You shoot an arrow. The arrow hits the centaur warrior!
The arrow burns the centaur warrior.
The centaur warrior is almost dead.
The centaur warrior shoots an arrow.
The arrow misses you.
Fire: a) +1 shortbow (flame)
Press: ? - help, Shift-Dir - straight line, f/p - centaur warrior
Aim: a centaur warrior, wielding a +0 orcbow (almost dead, 80% to hit)
You shoot an arrow.
The arrow hits the centaur warrior but does no damage.
The centaur warrior is almost dead.
The centaur warrior shoots an arrow.
The arrow hits you!!
* * * LOW HITPOINT WARNING * * *
Unknown command.
Fire: a) +1 shortbow (flame)
Press: ? - help, Shift-Dir - straight line, f/p - centaur warrior
Aim: a centaur warrior, wielding a +0 orcbow (almost dead, 80% to hit)
You shoot an arrow.
The arrow barely misses the centaur warrior.
The centaur warrior shoots an arrow.
The arrow hits you!!
You die...
Your body crumbles into a pile of gold.

........#
###..##.#
##..##.#
........#
+#......#
#..###.#
+......#
#......#
....@#
.###.#
..# ...#
c...#


You could see a centaur warrior.

Vanquished Creatures
  Pikel (D:6)
  Joseph (D:8)
  A gargoyle (D:10)
  A komodo dragon (D:10)
  An unseen horror (D:10)
  Maggie (D:8)
  Psyche (D:10)
  A troll (D:10)
  A hornet (D:8)
  Prince Ribbit (D:6)
  3 ynoxinuls (D:10)
  12 yaks
  A basilisk (D:11)
  A steam dragon (D:8)
  Eustachio (D:6)
  Menkaure (D:4)
  2 water moccasins
  2 ice beasts
  A black bear (D:6)
  A sky beast (D:6)
  2 ogres (D:6)
  2 centaurs
  2 phantoms
  8 bullfrogs
  3 scorpions
  17 wights
  9 killer bees (D:8)
  3 howler monkeys (D:7)
  2 hounds
  2 jellies
  3 orc priests (D:6)
  2 sleepcaps (D:4)
  2 iguanas
  9 orc wizards
  8 adders
  7 gnolls (D:6)
  A white imp (D:8)
  12 ufetubi
  3 worms
  6 dart slugs
  18 orcs
  11 endoplasms
  5 giant cockroaches
  7 hobgoblins
  4 quokkas
  3 ball pythons
  8 bats
  A frilled lizard (D:2)
  9 goblins
  12 kobolds
  9 rats
225 creatures vanquished.

Notes
Turn   | Place    | Note
-------+----------+-------------------------------------------
     0 | D:1      | Newt the Kobold Hunter began the quest for the Orb.
     0 | D:1      | Reached XP level 1. HP: 12/12 MP: 1/1
    95 | D:1      | Reached XP level 2. HP: 18/18 MP: 2/2
   245 | D:1      | Reached XP level 3. HP: 23/23 MP: 3/3
   972 | D:2      | Reached XP level 4. HP: 30/30 MP: 4/4
  1041 | D:2      | Found an opulent altar of Gozag.
  1159 | D:2      | Became a worshipper of Gozag Ym Sagoz the Greedy
  1223 | D:2      | Reached skill level 5 in Fighting
  1785 | D:3      | Reached XP level 5. HP: 35/35 MP: 5/5
  1808 | D:3      | Found a one-way gate to the infinite horrors of the Abyss.
  2095 | D:3      | Noticed a phantom
  2112 | D:3      | Killed a phantom
  2113 | D:3      | Reached skill level 6 in Ranged Weapons
  2422 | D:3      | Reached skill level 7 in Ranged Weapons
  2543 | D:3      | Found a large runed translucent door.
  2544 | D:3      | Found a large runed translucent door.
  2912 | D:3      | Reached XP level 6. HP: 40/40 MP: 6/6
  2912 | D:3      | Found a corrupted altar of Lugonu.
  3259 | D:4      | Reached skill level 8 in Ranged Weapons
  3727 | D:4      | Noticed Menkaure
  3735 | D:4      | Killed Menkaure
  3736 | D:4      | Reached XP level 7. HP: 17/44 MP: 7/7
  3740 | D:4      | Reached skill level 5 in Dodging
  4025 | D:4      | Found a glowing silver altar of Zin.
  4037 | D:4      | Found a glowing golden altar of the Shining One.
  4692 | D:5      | Entered Level 5 of the Dungeon
  4996 | D:5      | Found a transporter.
  5000 | D:5      | Noticed SecretSquirrel's ghost (novice MiHu)
  5292 | D:5      | Reached skill level 9 in Ranged Weapons
  5336 | D:5      | Found a staircase to the Ecumenical Temple.
  5572 | D:5      | Reached XP level 8. HP: 20/49 MP: 8/8
  5573 | D:5      | Gained mutation: Your muscles are strong. (Str +4, Int/Dex
                  | -1) [potion of mutation]
  5573 | D:5      | Gained mutation: Your movements are slightly less
                  | encumbered by armour. (ER -2) [potion of mutation]
  5573 | D:5      | Gained mutation: You have hidden genetic potential. [potion
                  | of mutation]
  5573 | D:5      | Gained mutation: You possess an exceptional clarity of
                  | mind. [potion of mutation]
  5686 | D:5      | Identified the +1 pair of gloves of Hedging {Will+}
  5819 | D:6      | Noticed Prince Ribbit
  5824 | D:6      | Killed Prince Ribbit
  5825 | D:6      | Reached skill level 10 in Ranged Weapons
  5854 | D:6      | Reached skill level 11 in Ranged Weapons
  6026 | D:6      | Reached skill level 12 in Ranged Weapons
  6068 | D:6      | Reached XP level 9. HP: 55/55 MP: 9/9
  6070 | D:6      | Noticed Pikel
  6087 | D:6      | Killed Pikel
  6089 | D:6      | Gained mutation: Your flesh is cold resistant. (rC+)
                  | [hidden potential]
  6818 | D:6      | Noticed Eustachio
  6828 | D:6      | Reached skill level 13 in Ranged Weapons
  6883 | D:6      | Killed Eustachio
  7742 | D:7      | Reached skill level 14 in Ranged Weapons
  7804 | D:7      | Reached XP level 10. HP: 64/64 MP: 10/10
  7936 | D:7      | Identified the +0 leather armour of the Villain {*Corrode
                  | Fly Dex+4 SInv}
  8304 | D:7      | Reached skill level 15 in Ranged Weapons
  8601 | D:8      | Noticed Maggie
  8613 | D:8      | Killed Maggie
  8636 | D:8      | Gained mutation: You have a beak for a mouth. [hidden
                  | potential]
  8636 | D:8      | Lost mutation: You have hidden genetic potential. [hidden
                  | potential expressed]
  8957 | D:8      | Noticed Joseph
  8978 | D:8      | Killed Joseph
 10380 | D:9      | Reached XP level 11. HP: 41/72 MP: 11/11
 10682 | D:9      | Reached skill level 10 in Fighting
 11290 | D:10     | Entered Level 10 of the Dungeon
 11304 | D:10     | Reached skill level 1 in Spellcasting
 11304 | D:10     | Reached skill level 1 in Transmutations
 11419 | D:10     | Learned a level 2 spell: Wereblood
 11459 | D:10     | Found a staircase to the Lair.
 11563 | D:10     | Noticed Psyche
 11571 | D:10     | Killed Psyche
 11794 | D:10     | HP: 1/74 [ynoxinul/entropic shot (28)]
 12267 | D:10     | Identified the +1 plate armour "Oruidoek" {+Blink}
 12750 | D:10     | Bought the ring "Tugrutt" {rF+ rC- Will+ rCorr Dex+6} for
                  | 780 gold pieces
 12855 | D:11     | Noticed a centaur warrior
 12864 | D:11     | Shot with an arrow by a centaur warrior

Illustrated notes

Levels and vault maps discovered:
D:1:      dpeg_arrival_tiny_f, layout_basic
D:2:      minmay_skewed_foursquare, layout_rooms, basic_altar
D:3:      due_chaos_kobolds, layout_basic
D:4:      layout_layer_cave, amethyst_overflow_temple_binary, serial_rivers,
          chequers_serial_rivers_large_a, chequers_serial_rivers_marsh,
          chequers_serial_rivers_room_a, chequers_serial_rivers_marsh,
          chequers_serial_rivers_micro_c, chequers_serial_rivers_large_b,
          uniq_menkaure
D:5:      layout_cave_pods, minmay_temple_entry_antechambers,
          gammafunk_ghost_smash, minmay_a_box_with_orc_wizards_in_it
D:6:      layout_basic, uniq_prince_ribbit1, uniq_eustachio, uniq_pikel
D:7:      layout_gridville
D:8:      cheibrodos_helix_gallery, layout_loops_cross, uniq_joseph, uniq_maggie
D:9:      layout_rooms
D:10:     layout_roguey, david_lair_shrubbed, nicolae_fort_ynox, uniq_psyche
D:11:     layout_stronghold, hangedman_minor_magic

Skill      XL: |  1  2  3  4  5  6  7  8  9 10 11 |
---------------+----------------------------------+-----
Fighting       | 3 4 5 8 9 11 | 11.0
Ranged Weapons | 7 8 9 12 14 15 | 15.0
Dodging        | 4 5 9 |  9.0
Spellcasting   | 4 |  4.4
Transmutations | 4 |  4.4
Stealth        | |  1.3

Action                     |  1- 3 |  4- 6 |  7- 9 | 10-12 || total
---------------------------+-------+-------+-------+-------++-------
   Fire: Shortbow          |    79 |   172 |   280 |   403 ||   934
   Cast: Wereblood         |       |       |       |     3 ||     3
 Invoke: Call Merchant     |       |       |       |     1 ||     1
    Use: Scroll            |     3 |     3 |     8 |     2 ||    16
         Potion            |       |     1 |     3 |     1 ||     5
 Armour: Leather armour    |     7 |    48 |    71 |    61 ||   187
  Dodge: Dodged            |    19 |    68 |   122 |   173 ||   382

Table legend: (Time is in decaauts)
 A = Elapsed time spent in this place.
 B = Non-inter-level travel time spent in this place.
 C = Inter-level travel time spent in this place.
 D = Time resting spent in this place.
 E = Time spent auto-exploring this place.
 F = Levels seen in this place.
 G = Mean time per level.
                   A        B        C        D        E       F      G
               +--------+--------+--------+--------+--------+-----+--------+
         Total |  12739 |  12339 |    400 |   3122 |   7900 |  11 | 1158.1 |
       Dungeon |  12739 |  12339 |    400 |   3122 |   7900 |  11 | 1158.1 |
               +--------+--------+--------+--------+--------+-----+--------+

Top non-repeatable levels by time:
     D:6: 1825 daAuts
     D:4: 1686 daAuts
     D:8: 1651 daAuts
    D:10: 1464 daAuts
     D:3: 1412 daAuts
     D:5: 1117 daAuts
     D:9: 1077 daAuts
     D:1: 913 daAuts
     D:7: 800 daAuts
     D:2: 719 daAuts
    D:11: 71 daAuts
